 Dungeon Crawl Stone Soup version 0.31-a0-841-g038b102fc3 (webtiles) character file.

Game seed: 16584677819372414162

39 pokeman the Magician (level 3, -1/20 HPs)
             Began as a Deep Elf Hedge Wizard on Sept 27, 2023.
             Slain by an orc priest
             ... wielding a +0 dagger
              (3 damage)
             ... on level 2 of the Dungeon.
             The game lasted 00:02:00 (1070 turns).

pokeman the Magician (Deep Elf Hedge Wizard)        Turns: 1070, Time: 00:02:01

Health: -1/20      AC:  2    Str:  7    XL:     3   Next: 28%
Magic:  2/11       EV: 12    Int: 20    God:
Gold:   48         SH:  0    Dex: 14    Spells: 4/12 levels left

rFire   . . .        e - +2 dagger (flame)
rCold   . . .        (no shield)
rNeg    . . .        b - +0 robe
rPois   .            c - +0 hat
rElec   .            (no cloak)
rCorr   .            (no gloves)
SInv    .            (no boots)
Will    .....        a - amulet of magic regeneration
Stlth   ++           (no ring)
HPRegen 0.23/turn    (no ring)
MPRegen 0.52/turn

%: no passive effects
@: very slightly contaminated
A: no striking features
a: no special abilities


You were on level 2 of the Dungeon.
You visited 1 branch of the dungeon, and saw 2 of its levels.

You collected 48 gold pieces.

Inventory:

Hand Weapons
 e - a +2 dagger of flaming (weapon)
Armour
 b - a +0 robe (worn)
 c - a +0 hat (worn)
Jewellery
 a - an amulet of magic regeneration (around neck)
Wands
 h - a wand of light (8)
Scrolls
 g - a scroll of teleportation {unknown}
 i - a scroll of noise {unknown}
 j - a scroll of enchant armour {unknown}
 k - 3 scrolls of identify {unknown}
Potions
 d - a potion of magic
 f - a potion of curing {unknown}


   Skills:
 + Level 0.8 Fighting
 + Level 0.9 Armour
 - Level 2.4 Dodging
 - Level 2.4 Stealth
 * Level 5.2 Spellcasting
 + Level 1.8 Conjurations
 - Level 1.1 Summonings
 - Level 1.1 Translocations


You had 4 spell levels left.
You knew the following spells:

 Your Spells              Type           Power      Damage    Failure   Level
a - Magic Dart            Conj           48%        1d5       5%          1
b - Mephitic Cloud        Conj/Pois/Air  7%         N/A       26%         3
c - Call Imp              Summ           18%        N/A       11%         2
d - Blink                 Tloc           18%        N/A       11%         2

Your spell library contained the following spells:

 Spells                   Type           Power      Damage    Failure   Level
 Slow                     Hex            20%        N/A       12%         1
 Cigotuvi's Dreadful Rot  Necr/Pois/Air  10%        N/A       17%         2
 Dispel Undead            Necr           5%         3d7       75%         4
 Death Channel            Necr           2%         N/A       100%        6


Dungeon Overview and Level Annotations

Branches:
Dungeon (2/15)

Altars:


Message History

Casting: Mephitic Cloud (extremely dangerous; 26% risk of failure)
Confirm with . or Enter, or press ? or * to list all spells.
Aiming: Mephitic Cloud (extremely dangerous; 26% risk of failure)
Press: ? - help, Shift-Dir - straight line, f - orc priest, p - orc
Aim: an orc priest, wielding a +0 dagger and wearing a +1 leather armour of poison resistance (chance to affect: 86%)
The ball explodes into a vile cloud!
The stinking cloud engulfs the orc priest but does no damage.
The stinking cloud engulfs the orc but does no damage. x3
You feel sick.
The orc is engulfed in noxious fumes.
The orc appears confused.
Unknown command.
Unknown command.
You feel sick.
You feel sick.
Casting: Mephitic Cloud (extremely dangerous; 26% risk of failure)
Confirm with . or Enter, or press ? or * to list all spells.
Aiming: Mephitic Cloud (extremely dangerous; 26% risk of failure)
Press: ? - help, Shift-Dir - straight line, f - orc
Aim: an orc, wielding a +0 dagger (chance to affect: 96%)
The ball explodes into a vile cloud!
The stinking cloud engulfs the orc but does no damage.
You feel sick.
You are no longer poisoned.
The orc is engulfed in noxious fumes.
Unknown command.
Unknown command.
You barely miss the orc.
The orc is engulfed in noxious fumes.
The orc appears confused.
The orc barely misses you.
Unknown command.
You hit the orc. You burn the orc.
You kill the orc!
Unknown command.
Casting: Mephitic Cloud (extremely dangerous; 26% risk of failure)
Confirm with . or Enter, or press ? or * to list all spells.
Aiming: Mephitic Cloud (extremely dangerous; 26% risk of failure)
Press: ? - help, Shift-Dir - straight line, f - orc priest
Aim: an orc priest, wielding a +0 dagger and wearing a +1 leather armour of poison resistance (chance to affect: 86%)
You miscast Mephitic Cloud.
Energy rips through your body.
* * * LOW HITPOINT WARNING * * *
The orc priest hits you with a +0 dagger.
You die...

.#.##...## #...
.........# ##...
.#.......###....
.#..#.....†......
.##...##.#....... ##
. ##.......#
#..####..(## .
##......#
#...o.o..... .
#.##...###..o#.......
.
#.##........@#o~)o.~.
#.##..#.##...#.o.....
......#)##...#.......
#.###.#......#.......
#.# #.#..#.#.#.~...~.
#.# #.#......#.......
#.##.#.#.# .........#
...#.#..


You could see an orc priest and an orc.

Vanquished Creatures
  A dart slug (D:1)
  2 orcs (D:2)
  3 ball pythons (D:1)
  2 endoplasms
  A giant cockroach (D:1)
  3 goblins
  4 hobgoblins
  3 jackals (D:1)
  2 quokkas (D:1)
  2 bats (D:1)
  A frilled lizard (D:1)
  4 kobolds (D:1)
  3 rats
31 creatures vanquished.

Notes
Turn   | Place    | Note
-------+----------+-------------------------------------------
     0 | D:1      | pokeman the Deep Elf Hedge Wizard began the quest for the
                  | Orb.
     0 | D:1      | Reached XP level 1. HP: 10/10 MP: 7/7
     2 | D:1      | Noticed a spriggan
     2 | D:1      | Noticed a meteoran
     4 | D:1      | Noticed a vine stalker
     6 | D:1      | Noticed a demonspawn
     6 | D:1      | Noticed a ghoul
     8 | D:1      | Noticed a formicid
    10 | D:1      | Noticed an octopode
    10 | D:1      | Noticed a troll
    12 | D:1      | Noticed a felid
    12 | D:1      | Noticed an elf
    14 | D:1      | Noticed a merfolk
    14 | D:1      | Noticed a human
    16 | D:1      | Noticed a naga
    16 | D:1      | Noticed a vampire
    18 | D:1      | Noticed a minotaur
    18 | D:1      | Noticed a tengu
    20 | D:1      | Noticed a demigod
    20 | D:1      | Noticed an armataur
    22 | D:1      | Noticed a gargoyle
    24 | D:1      | Noticed an ogre
    26 | D:1      | Noticed a tengu
    26 | D:1      | Noticed a vine stalker
   296 | D:1      | Reached XP level 2. HP: 16/16 MP: 5/9
   662 | D:1      | Reached skill level 5 in Spellcasting
   721 | D:1      | Reached XP level 3. HP: 20/20 MP: 9/11
   725 | D:1      | Learned a level 3 spell: Mephitic Cloud
   728 | D:1      | Learned a level 2 spell: Call Imp
   731 | D:1      | Learned a level 2 spell: Blink
  1070 | D:2      | HP: 1/20 [something (5)]
  1070 | D:2      | Slain by an orc priest

Illustrated notes

Levels and vault maps discovered:
D:1:      kb_arrival_jail, layout_loops_ring
D:2:      cheibrodos_pilgrimage, layout_loops_ring, uniq_crazy_yiuf_cottage

Skill      XL: |  1  2 |
---------------+-------+-----
Spellcasting   | 5 |  5.2
Fighting       | |  0.8
Armour         | |  0.9
Dodging        | |  2.4
Stealth        | |  2.4
Conjurations   | |  1.8
Summonings     | |  1.1
Translocations | |  1.1

Action                     || total
---------------------------++-------
  Melee: Dagger            ||     8
   Cast: Magic Dart        ||    86
         Mephitic Cloud    ||     2
 Armour: Robe              ||    19
  Dodge: Dodged            ||    29

Table legend: (Time is in decaauts)
 A = Elapsed time spent in this place.
 B = Non-inter-level travel time spent in this place.
 C = Inter-level travel time spent in this place.
 D = Time resting spent in this place.
 E = Time spent auto-exploring this place.
 F = Levels seen in this place.
 G = Mean time per level.
                   A        B        C        D        E       F      G
               +--------+--------+--------+--------+--------+-----+--------+
         Total |   1069 |    996 |     73 |      0 |    824 |   2 |  534.5 |
       Dungeon |   1069 |    996 |     73 |      0 |    824 |   2 |  534.5 |
               +--------+--------+--------+--------+--------+-----+--------+

Top non-repeatable levels by time:
     D:1: 980 daAuts
     D:2: 88 daAuts
